cohdb
Replays
Latest Replays
All Replays
Popular Replays
Top Player Replays
Match Explorer
How It Works
Community
CoH3 Stats
Reddit
Sign in to upload your games and track your stats! →
Sign in with Steam
Match 40679210
Unlisted
Match 40679210
Overview
Messages
Build Orders
End
Royal Engineer Section
Construct Section Command Post
Selects Canadian Shock Battlegroup
Infantry Section
Infantry Section
ML 3-inch Mortar Team
Grenade Package
Selects Attacking Spirit
Selects Canadian Shock Section
Construct Platoon Command Post
Canadian Shock Section
Selects Incendiary Munitions
Humber Armored Car
Unlock Bishop Self-propelled Artillery
Selects Pyrotechnics
SchnellSchuh5000
PIGEONS ARE FBI DRONES
cottonpicker_69420
Sihubergen
Insurmountable Odds
FloppyBob
0
0
Comments
sign in to comment!
No comments posted yet!